 Dungeon Crawl Stone Soup version 0.29-a0-384-g6960b1960d (webtiles) character file.

Game seed: 7690488927025150938

23 ytrimaz the Grave Robber (level 2, 19/19 HPs)
             Began as a Demonspawn Necromancer on May 6, 2022.
             Was a High Priest of Ignis.
             Quit the game on level 1 of the Dungeon.
             The game lasted 00:00:51 (1498 turns).

ytrimaz the Grave Robber (Demonspawn Necromancer)   Turns: 1498, Time: 00:00:51

Health: 19/19      AC:  4    Str:  8    XL:     2   Next: 75%
Magic:  5/5        EV: 12    Int: 16    God:    Ignis [*****.]
Gold:   54         SH:  0    Dex: 13    Spells: 4/5 levels left

rFire   + . .      SeeInvis .   c - +0 hand axe
rCold   . . .      Faith    .   (no shield)
rNeg    . . .      Spirit   .   a - +0 robe
rPois   .          Reflect  .   (no helmet)
rElec   .          Harm     .   (no cloak)
rCorr   .          Rampage  .   (no gloves)
Will    .....                   (no boots)
Stlth   ++........              (no amulet)
HPRegen 0.06/turn               (no ring)
MPRegen 0.09/turn               (no ring)

@: no status effects
A: slimy green scales 1
a: Renounce Religion, Fiery Armour, Foxfire Swarm, Rising Flame


You were on level 1 of the Dungeon.
You worshipped Ignis.
Ignis was extremely pleased with you.
You visited 1 branch of the dungeon, and saw 1 of its levels.

You collected 54 gold pieces.

Inventory:

Hand Weapons
 c - a +0 hand axe (weapon)
Armour
 a - a +0 robe (worn)
Scrolls
 d - a scroll of silence {unknown}
Potions
 b - a potion of magic
 e - a potion of brilliance {unknown}


   Skills:
 + Level 2.0 Dodging
 - Level 1.7 Stealth
 + Level 2.1 Spellcasting
 + Level 5.1 Necromancy


You had 4 spell levels left.
You knew the following spells:

 Your Spells              Type           Power      Damage    Failure   Level
a - Pain                  Necr           72%        1d7       2%          1

Your spell library contained the following spells:

 Spells                   Type           Power      Damage    Failure   Level
 Animate Skeleton         Necr           36%        N/A       2%          1
 Vampiric Draining        Necr           18%        2d7       8%          3
 Slow                     Hex            4%         N/A       21%         1
 Summon Small Mammal      Summ           4%         N/A       21%         1
 Animate Dead             Necr           9%         N/A       26%         4
 Call Canine Familiar     Summ           1%         N/A       52%         3
 Summon Guardian Golem    Hex/Summ       1%         N/A       52%         3
 Agony                    Necr           18%        N/A       56%         5


Dungeon Overview and Level Annotations

Branches:
Dungeon (1/15)

Altars:
Ignis


Innate Abilities, Weirdness & Mutations

You are partially covered in slimy green scales. (AC +2)


Message History

The giant cockroach writhes in agony.
The giant cockroach bites you but does no damage.
You barely miss the giant cockroach.
The giant cockroach is severely wounded.
The giant cockroach barely misses you.
The giant cockroach bites you but does no damage.
The giant cockroach writhes in agony.
The giant cockroach completely misses you.
You closely miss the giant cockroach.
The giant cockroach is almost dead.
The giant cockroach closely misses you.
A giant cockroach is nearby!
A giant cockroach is nearby!
You hit the giant cockroach but do no damage.
The giant cockroach is almost dead.
The giant cockroach bites you but does no damage.
The giant cockroach completely misses you.
The giant cockroach barely resists.
The giant cockroach bites you but does no damage.
You barely miss the giant cockroach.
The giant cockroach is almost dead.
The giant cockroach bites you but does no damage. x2
A giant cockroach is nearby!
The giant cockroach writhes in agony!
You kill the giant cockroach!
No target in view!
You see here a giant cockroach corpse.
Key pressed, stopping explore.
You open the door.
There is an open door here.
There is an open door here.
Things that are here:
a +0 whip; 5 stones; a kobold skeleton Done exploring.
Done exploring.
Done exploring.
You can't see any susceptible monsters within range! (Use Z to cast anyway.) No target in view!
Done exploring.
Are you sure you want to abandon this character and quit the game? (Confirm with "yes".)

.......# ##'## #.......#
###.###########.######
#.......#
....................>#
##.....##
###.##..###......###.# ##...##
#
#.##..###.#....###.#######.##
# #.........#..).............#
######..#####....###.#########
........# #.#.####.#
#######.#####...@....#
#.......######## #########


There were no monsters in sight!

Vanquished Creatures
  An endoplasm (D:1)
  2 giant cockroaches (D:1)
  A hobgoblin (D:1)
  4 jackals (D:1)
  4 ball pythons (D:1)
  4 bats (D:1)
  A goblin (D:1)
  3 kobolds (D:1)
  2 rats (D:1)
22 creatures vanquished.

Notes
Turn   | Place    | Note
-------+----------+-------------------------------------------
     0 | D:1      | ytrimaz the Demonspawn Necromancer began the quest for the
                  | Orb.
     0 | D:1      | Reached XP level 1. HP: 13/13 MP: 3/3
   445 | D:1      | Gained mutation: You are partially covered in slimy green
                  | scales. (AC +2) [demonic ancestry]
   445 | D:1      | Reached XP level 2. HP: 18/19 MP: 3/5
   998 | D:1      | Found a faded altar of an unknown god.
  1003 | D:1      | Got Plato's Collected Works on Curses
  1034 | D:1      | Reached skill level 5 in Necromancy
  1050 | D:1      | Prayed at the altar of an unknown god.
  1050 | D:1      | Became a worshipper of Ignis, the Dying Flame
  1498 | D:1      | Quit the game

Illustrated notes

Levels and vault maps discovered:
D:1:      dpeg_arrival_arbitrary_c, layout_loops_corners,
          shapermc_ecumenical_altar_rom_forum

Skill      XL: |  1  2 |
---------------+-------+-----
Necromancy     | 5 |  5.1
Dodging        | 2 |  2.0
Stealth        | |  1.7
Spellcasting   | |  2.1

Action                   || total
-------------------------++-------
Melee: Hand axe          ||    12
 Cast: Pain              ||    31
Armor: Robe              ||    11
Dodge: Dodged            ||    17

Table legend: (Time is in decaauts)
 A = Elapsed time spent in this place.
 B = Non-inter-level travel time spent in this place.
 C = Inter-level travel time spent in this place.
 D = Time resting spent in this place.
 E = Time spent auto-exploring this place.
 F = Levels seen in this place.
 G = Mean time per level.
                   A        B        C        D        E       F      G
               +--------+--------+--------+--------+--------+-----+--------+
         Total |   1501 |   1485 |     16 |      0 |   1359 |   1 | 1501.0 |
       Dungeon |   1501 |   1485 |     16 |      0 |   1359 |   1 | 1501.0 |
               +--------+--------+--------+--------+--------+-----+--------+

Top non-repeatable levels by time:
     D:1: 1501 daAuts
